 Dungeon Crawl Stone Soup version 0.30-a0-141-g30f27751c5 (webtiles) character file.

Game seed: 570032491185285486

51866 Klosterheim the Destroyer (level 15, -15/90 HPs)
             Began as a Kobold Conjurer on Sept 20, 2022.
             Was a High Priest of Vehumet.
             Shot with an arrow by a centaur warrior (22 damage)
             ... on level 11 of the Dungeon on Sept 25, 2022.
             The game lasted 02:16:56 (41457 turns).

Klosterheim the Destroyer (Kobold Conjurer)        Turns: 41457, Time: 02:16:58

Health: -15/90     AC:  9    Str:  8    XL:     15   Next: 3%
Magic:  22/28      EV: 19    Int: 31    God:    Vehumet [*****.]
Gold:   1617       SH:  9    Dex: 16    Spells: 3/33 levels left

rFire   + . .      SeeInvis .    w - +4 falchion "Thing" {drain, Str+3 Int+4 Dex+3}
rCold   . . .      Faith    .    f - +2 buckler
rNeg    . . .      Spirit   .    E - +2 robe {Will+}
rPois   .          Reflect  .    Q - +0 helmet
rElec   .          Harm     .    z - +0 cloak
rCorr   .          Rampage  .    y - +0 pair of gloves
Will    +++..                    B - +1 pair of boots
Stlth   +++++.....               (no amulet)
HPRegen 0.25/turn                g - ring of protection from fire
MPRegen 0.21/turn                D - ring of willpower

@: no status effects
A: small, no large weapons, nightstalker 3
a: Renounce Religion


You were on level 11 of the Dungeon.
You worshipped Vehumet.
Vehumet was extremely pleased with you.
You visited 4 branches of the dungeon, and saw 19 of its levels.
You also visited: Ossuary.

You collected 2051 gold pieces.
You spent 434 gold pieces at shops.

Inventory:

Hand Weapons
 v - the +3 scimitar of Bixauda {elec, Str-3 Dex+3 SInv}
   (You bought it in a shop on level 2 of the Orcish Mines)

   It occasionally discharges a powerful burst of electricity upon striking a
   foe.
   Str:       It affects your strength (-3).
   Dex:       It affects your dexterity (+3).
   SInv:      It lets you see invisible.
 w - the +4 falchion "Thing" (weapon) {drain, Str+3 Int+4 Dex+3}
   (You took it off a centaur on level 6 of the Dungeon)

   A truly terrible weapon, it drains the life of any living foe it strikes.
   Str:       It affects your strength (+3).
   Int:       It affects your intelligence (+4).
   Dex:       It affects your dexterity (+3).
 K - the +1 mace of Dullness {flame, rN+}
   (You found it on level 2 of the Lair of Beasts)

   It burns those it strikes, dealing additional fire damage.
   rN:        It protects you from negative energy.
Missiles
 a - 3 throwing nets
Armour
 f - a +2 buckler (worn)
 y - a +0 pair of gloves (worn)
 z - a +0 cloak (worn)
 B - a +1 pair of boots (worn)
 E - a +2 robe of willpower (worn)
 P - a +2 robe of cold resistance
 Q - a +0 helmet (worn)
Magical Staves
 L - a staff of poison
Jewellery
 g - a ring of protection from fire (left hand)
 j - an amulet of guardian spirit
 D - a ring of willpower (right hand)
 O - a ring of ice
Wands
 h - a wand of mindburst (1)
 i - a wand of acid (1)
 p - a wand of polymorph (14)
 x - a wand of iceblast (5)
 F - a wand of flame (23)
Scrolls
 c - 11 scrolls of identify
 d - 4 scrolls of teleportation
 o - 3 scrolls of poison
 u - 3 scrolls of fog
 A - a scroll of vulnerability
 C - 3 scrolls of blinking
 H - a scroll of enchant weapon
 M - a scroll of magic mapping
 S - a scroll of fear
Potions
 b - 3 potions of magic
 e - 3 potions of flight
 k - a potion of haste
 l - 8 potions of curing
 m - 2 potions of ambrosia
 n - 5 potions of might
 q - 2 potions of lignification
 r - a potion of berserk rage
 s - a potion of brilliance
 t - 3 potions of mutation
 G - 3 potions of heal wounds
 I - a potion of attraction
 J - a potion of invisibility
Miscellaneous
 N - a piece from Xom's chessboard (15/15)


   Skills:
 - Level 9.0 Fighting
 - Level 9.0 Dodging
 - Level 10.0 Stealth
 - Level 7.0 Shields
 * Level 9.7 Spellcasting
 + Level 12.5 Conjurations
 - Level 5.0 Hexes
 - Level 6.0 Summonings
 + Level 10.6 Air Magic
 - Level 5.0 Evocations


You had 3 spell levels left.
You knew the following spells:

 Your Spells              Type           Power      Damage    Failure   Level
a - Searing Ray           Conj           100%       2d8       1%          2
b - Mephitic Cloud        Conj/Pois/Air  58%        N/A       1%          3
c - Call Imp              Summ           51%        N/A       1%          2
d - Fulminant Prism       Conj/Hex       31%        3d16      1%          4
e - Summon Lightning Spi  Summ/Air       61%        N/A       1%          4
f - Conjure Ball Lightni  Conj/Air       36%        3x3d12    1%          6
g - Lightning Bolt        Conj/Air       36%        1d54      1%          5
h - Airstrike             Air            34%        2d(5-21)  1%          4

Your spell library contained the following spells:

 Spells                   Type           Power      Damage    Failure   Level
 Ozocubu's Refrigeration  Ice            7%         4d9       100%        7
 Magic Dart               Conj           100%       1d8       1%          1
 Summon Small Mammal      Summ           100%       N/A       1%          1
 Cigotuvi's Dreadful Rot  Necr/Pois/Air  74%        N/A       1%          2
 Poisonous Vapours        Pois/Air       96%        N/A       1%          2
 Dazzling Flash           Conj/Hex       100%       N/A       1%          3
 Tukima's Dance           Hex            46%        N/A       1%          3
 Apportation              Tloc           30%        N/A       4%          1
 Necrotise                Necr           60%        1d7       4%          1
 Ignite Poison            Fire/Tmut/Pois 15%        N/A       4%          3
 Portal Projectile        Hex/Tloc       60%        N/A       4%          3
 Iskenderun's Mystic Bla  Conj/Tloc      52%        2d11      1%          4
 Sticky Flame             Conj/Fire      52%        2d7       1%          4
 Leda's Liquefaction      Hex/Erth       15%        N/A       16%         4
 Lee's Rapid Deconstruct  Erth           7%         3d8*      30%         5
 Animate Dead             Necr           15%        N/A       41%         4
 Blade Hands              Tmut           7%         N/A       77%         5
 Borgnjor's Vile Clutch   Necr/Erth      7%         N/A       77%         5
 Death Channel            Necr           7%         N/A       100%        6
 Statue Form              Tmut/Erth      10%        N/A       100%        6
 Discord                  Hex            23%        N/A       100%        8
 Disjunction              Tloc           7%         N/A       100%        8


Dungeon Overview and Level Annotations

Branches:
Dungeon (11/15)            Temple (1/1) D:6            Lair (5/5) D:8
 Shoals (0/4) Lair:2        Snake (0/4) Lair:3        Slime (0/5) Lair:4
    Orc (2/2) D:9             Elf (0/3) Orc:2       Ossuary (visited)

Altars:
Ashenzari
Cheibriados
Dithmenos
Fedhas
Gozag
Hepliaklqana
Kikubaaqudgha
Makhleb
Okawaru
Qazlal
Sif Muna
Uskayaw
Vehumet
Xom
Yredelemnul
Zin
The Shining One

Shops:
Orc:1 [   Orc:2 [!!((!


Innate Abilities, Weirdness & Mutations

You are small and have problems with some larger weapons.
You are completely attuned to the shadows.


Message History

Your lightning spire disappears in a puff of smoke!
Magic restored.
You start resting.
HP restored.
You climb downwards.
The centaur warrior shoots an arrow.
The arrow hits you!!
The centaur warrior shoots an arrow.
You block the arrow.
There is a stone staircase leading up, spattered with blood here.
Casting: Lightning Bolt (mildly dangerous; 1% risk of failure)
Confirm with . or Enter, or press ? or * to list all spells.
You create some ball lightning! 3 ball lightnings come into view.
The centaur warrior shoots an arrow.
The arrow hits your ball lightning!!
Your ball lightning explodes!
The blast of lightning engulfs the centaur warrior!!
The centaur warrior is heavily wounded.
The blast of lightning engulfs you!
The blast of lightning engulfs your ball lightning.
Your ball lightning completely resists.
The blast of lightning engulfs your ball lightning.
Your ball lightning completely resists.
The yaktaur wields a +0 arbalest.
The yaktaur shoots a bolt.
The bolt barely misses your ball lightning.
The bolt hits you!
The centaur warrior shoots an arrow.
The arrow closely misses you.
You hear an angry buzzing noise. x2; You hear a shout!
You hear an angry buzzing noise.
Your ball lightning explodes!
The blast of lightning engulfs you!!
* * * LOW HITPOINT WARNING * * *
The blast of lightning engulfs your ball lightning.
Your ball lightning completely resists.
The blast of lightning engulfs the yaktaur!!
The yaktaur is heavily wounded.
Your ball lightning explodes!
The blast of lightning engulfs the yaktaur!!
The yaktaur is almost dead.
The blast of lightning engulfs you!
* * * LOW HITPOINT WARNING * * *
The centaur warrior shoots an arrow.
The arrow hits you!!
You die...

... ...
#..$#...#
..#...#..
##.#####.#
...#.@.#..
...c.<..c.
..#[<.#..
#.#####.#
...#...#.s
.#c..#...#
.... c..


You could see a centaur warrior and a yaktaur.

Vanquished Creatures
  Fannar (Lair:3)
  A tengu warrior (D:10)
  Erica (Lair:1)
  A catoblepas (Lair:4)
  2 death yaks (Lair:1)
  10 spriggans (Lair:5)
  7 orc high priests (Orc:2)
  4 oklob plants (Lair:2)
  A deep elf zephyrmancer (D:7)
  2 orc sorcerers
  A wolf spider (D:10)
  2 cyclopes
  7 elephants (Lair:4)
  A merfolk siren (Lair:1)
  3 black mambas
  A gargoyle (D:10)
  9 cane toads
  2 rime drakes
  5 komodo dragons
  A tengu conjurer (D:10)
  6 polar bears
  6 trolls
  2 merfolk
  5 hornets
  4 blink frogs (Lair:4)
  Sigmund (D:3)
  A shadow (D:10)
  A wyvern (D:10)
  14 yaks
  12 wargs
  4 steam dragons
  5 nagas (Lair:3)
  An acid dragon (D:9)
  10 water moccasins
  3 ice beasts (D:5)
  4 ogres
  9 orc warriors
  6 black bears
  5 centaurs
  3 boggarts (Lair:5)
  21 wolves
  3 phantoms
  A kobold brigand (D:6)
  2 elf zombies (Ossuary)
  8 bullfrogs
  3 gnoll sergeants
  A necrophage (D:4)
  An elf skeleton (D:5)
  2 scorpions
  7 killer bees
  2 howler monkeys
  A crimson imp (D:6)
  3 centaur zombies (Ossuary)
  9 hounds
  A jelly (D:7)
  2 gnoll boudas (D:8)
  40 orc priests
  A human skeleton (D:5)
  Ijyb (D:3)
  5 iguanas
  23 orc wizards
  3 hound zombies (Ossuary)
  3 mummies (Ossuary)
  Robin (D:3)
  12 gnolls
  8 adders
  A shadow imp (D:6)
  2 white imps
  An ufetubus (D:6)
  2 adder zombies (Ossuary)
  3 worms
  3 dart slugs
  90 orcs
  6 endoplasms
  2 giant cockroaches
  2 gnoll zombies (Ossuary)
  13 goblins
  9 hobgoblins
  11 jackals
  3 kobolds
  4 quokkas
  5 ball pythons
  2 bats
  A frilled lizard (D:1)
  5 goblin zombies (Ossuary)
  5 hobgoblin zombies (Ossuary)
  2 jackal zombies (Ossuary)
  6 kobold zombies (Ossuary)
  2 orc skeletons (D:5)
  3 orc zombies
  3 quokka zombies (Ossuary)
  8 rats
  2 rat zombies (Ossuary)
  A fulminant prism (Orc:2)
525 creatures vanquished.

Vanquished Creatures (collateral kills)
  2 hydras
  A two-headed ogre (D:8)
  3 elephants (Lair:4)
  A rime drake (Lair:5)
  3 cane toads
  A torpor snail (Lair:1)
  A kobold demonologist (D:6)
  A komodo dragon (Lair:4)
  A merfolk (Lair:1)
  A troll (D:10)
  3 polar bears
  A dream sheep (Lair:5)
  A hornet (Lair:5)
  A blink frog (Lair:4)
  2 wyverns (Lair:3)
  3 spriggans (Lair:5)
  2 basilisks (Lair:2)
  9 yaks
  A naga (Lair:3)
  A water moccasin (Lair:1)
  An orc warrior (Orc:2)
  A black bear (Lair:5)
  A boggart (Lair:5)
  14 wolves
  A bullfrog (Lair:3)
  A killer bee (D:10)
  A jelly (D:6)
  2 orc wizards (Orc:2)
  2 adders (Lair:3)
  3 orcs
66 creatures vanquished.

Vanquished Creatures (others)
  A troll (D:6)
  5 ball lightnings
  86 fulminant prisms
  45 fungi
  45 plants
182 creatures vanquished.

Grand Total: 773 creatures vanquished

Notes
Turn   | Place    | Note
-------+----------+-------------------------------------------
     0 | D:1      | Klosterheim the Kobold Conjurer began the quest for the
                  | Orb.
     0 | D:1      | Reached XP level 1. HP: 10/10 MP: 3/3
   521 | D:1      | Reached XP level 2. HP: 15/15 MP: 0/5
  1695 | D:2      | Reached XP level 3. HP: 15/19 MP: 2/7
  2359 | D:2      | Reached skill level 1 in Fighting
  2359 | D:2      | Reached XP level 4. HP: 14/25 MP: 3/8
  2499 | D:2      | Learned a level 2 spell: Searing Ray
  2573 | D:2      | Found a faded altar of an unknown god.
  3187 | D:3      | Found an ancient bone altar of Kikubaaqudgha.
  3190 | D:3      | Noticed Sigmund
  3196 | D:3      | Killed Sigmund
  3197 | D:3      | Reached skill level 5 in Dodging
  3197 | D:3      | Reached skill level 5 in Conjurations
  3197 | D:3      | Reached XP level 5. HP: 9/30 MP: 0/9
  3197 | D:3      | Reached XP level 6. HP: 10/35 MP: 0/10
  4277 | D:3      | Noticed Ijyb
  4314 | D:3      | Killed Ijyb
  4808 | D:3      | Reached XP level 7. HP: 40/40 MP: 8/11
  4811 | D:3      | Reached skill level 6 in Conjurations
  4820 | D:3      | Noticed Robin
  5185 | D:3      | Killed Robin
  6020 | D:4      | Found a stormy altar of Qazlal.
  6115 | D:4      | Reached skill level 7 in Conjurations
  6160 | D:4      | Reached XP level 8. HP: 39/44 MP: 5/14
  6832 | D:5      | Entered Level 5 of the Dungeon
  6848 | D:5      | Found a glowing silver altar of Zin.
  7042 | D:5      | Found a sand-covered staircase.
  7051 | D:5      | Reached skill level 8 in Conjurations
  7089 | Ossuary  | Entered an ossuary
  8657 | D:5      | Found a glowing golden altar of the Shining One.
  9073 | D:5      | Reached XP level 9. HP: 35/52 MP: 6/16
  9175 | D:5      | Reached skill level 5 in Spellcasting
  9436 | D:5      | Reached skill level 9 in Conjurations
 10069 | D:5      | Upgraded the game from 0.30-a0-135-g630cfc4551 to
                  | 0.30-a0-141-g30f27751c5
 10230 | D:5      | Reached skill level 1 in Shields
 10240 | D:5      | Learned a level 3 spell: Mephitic Cloud
 10243 | D:5      | Learned a level 2 spell: Call Imp
 10773 | D:6      | Noticed a troll
 10786 | D:6      | Noticed a kobold demonologist
 10788 | D:6      | Noticed a troll
 10791 | D:6      | Killed a kobold demonologist
 10792 | D:6      | Reached skill level 5 in Fighting
 10799 | D:6      | Killed a troll
 10800 | D:6      | Reached skill level 10 in Conjurations
 10800 | D:6      | Reached XP level 10. HP: 59/60 MP: 4/17
 10860 | D:6      | Identified the +4 falchion "Thing" {drain, Str+3 Int+4
                  | Dex+3}
 11006 | D:6      | Found an iron altar of Okawaru.
 11410 | D:6      | Found a burning altar of Makhleb.
 11410 | D:6      | Found a shimmering altar of Xom.
 11633 | D:6      | Found a staircase to the Ecumenical Temple.
 11659 | Temple   | Entered the Ecumenical Temple
 11789 | Temple   | Became a worshipper of Vehumet
 12998 | D:7      | Reached skill level 5 in Shields
 13253 | D:7      | Learned a level 4 spell: Fulminant Prism
 13361 | D:7      | Noticed a deep elf zephyrmancer
 13370 | D:7      | Killed a deep elf zephyrmancer
 13535 | D:7      | Reached skill level 1 in Hexes
 13680 | D:7      | Found a shimmering blue altar of Sif Muna.
 14723 | D:7      | Found a snail-covered altar of Cheibriados.
 15174 | D:8      | Reached * piety under Vehumet
 15174 | D:8      | Offered knowledge of Foxfire by Vehumet.
 15424 | D:8      | Noticed a two-headed ogre
 15443 | D:8      | Killed a two-headed ogre
 15444 | D:8      | Reached XP level 11. HP: 64/64 MP: 15/20
 15481 | D:8      | Reached skill level 11 in Conjurations
 15741 | D:8      | Found a staircase to the Lair.
 15770 | D:8      | Learned a level 4 spell: Summon Lightning Spire
 15996 | D:8      | Reached skill level 1 in Air Magic
 16282 | D:9      | Found a hide-covered altar of Uskayaw.
 16959 | D:9      | Offered knowledge of Freeze by Vehumet.
 16964 | D:9      | Reached ** piety under Vehumet
 17458 | D:9      | Found a staircase to the Orcish Mines.
 17736 | D:10     | Entered Level 10 of the Dungeon
 17810 | Lair:1   | Entered Level 1 of the Lair of Beasts
 17834 | Lair:1   | Learned a level 3 spell: Tukima's Dance
 18123 | Lair:1   | Noticed Erica
 18208 | Orc:1    | Entered Level 1 of the Orcish Mines
 18238 | Orc:1    | Noticed an orc sorcerer
 18349 | Orc:1    | Killed an orc sorcerer
 18679 | Orc:2    | Entered Level 2 of the Orcish Mines
 18744 | Orc:2    | Found Leelo's Weapon Boutique.
 18747 | Orc:2    | Noticed a cyclops
 18751 | Orc:2    | Killed a cyclops
 19451 | Orc:2    | Reached skill level 5 in Stealth
 19750 | Orc:2    | Found Diceci's Armour Boutique.
 19773 | Orc:2    | Noticed an orc high priest
 19777 | Orc:2    | Killed an orc high priest
 19777 | Orc:2    | Offered knowledge of Frozen Ramparts by Vehumet.
 19778 | Orc:2    | Reached XP level 12. HP: 56/70 MP: 11/21
 19871 | Orc:2    | Reached *** piety under Vehumet
 19876 | Orc:2    | Noticed an orc high priest
 20143 | Orc:2    | Noticed a sun demon
 20149 | Orc:2    | Killed an orc high priest
 20150 | Orc:2    | Reached skill level 12 in Conjurations
 20364 | Orc:2    | Noticed an orc high priest
 20372 | Orc:2    | Killed an orc high priest
 20373 | Orc:2    | Reached skill level 5 in Hexes
 20691 | Orc:2    | Reached skill level 5 in Air Magic
 20879 | Orc:2    | Offered knowledge of Kindle Blastsparks by Vehumet.
 20894 | Orc:2    | Learned a level 5 spell: Lightning Bolt
 21042 | Orc:2    | Found Ejipn's Distillery.
 21047 | Orc:2    | Reached skill level 1 in Summonings
 21059 | Orc:2    | Noticed an orc high priest
 21063 | Orc:2    | Noticed a sun demon
 21218 | Orc:2    | Noticed an orc high priest
 21222 | Orc:2    | Noticed a sixfirhy
 21225 | Orc:2    | Killed an orc high priest
 21379 | Orc:2    | Noticed an orc high priest
 21383 | Orc:2    | Killed an orc high priest
 21386 | Orc:2    | Killed an orc high priest
 21545 | Orc:1    | You fall into a shaft and drop 1 floor!
 21616 | Orc:1    | Found Piniyni's Armour Emporium.
 21829 | Orc:2    | Reached **** piety under Vehumet
 21916 | Orc:2    | Noticed an orc high priest
 21946 | Orc:2    | Killed an orc high priest
 22149 | Orc:2    | Found Noom's Antique Weapon Shop.
 22173 | Orc:2    | Found Nurhisel's Distillery.
 22246 | Orc:2    | Found Miujaicu's Distillery.
 22722 | Orc:2    | Found a staircase to the Elven Halls.
 22754 | Orc:2    | Offered knowledge of Hailstorm by Vehumet.
 23344 | Lair:1   | Killed Erica
 24771 | Lair:2   | Noticed a death yak
 24789 | Lair:1   | Killed a death yak
 24883 | Lair:2   | Noticed a death yak
 24894 | Lair:1   | Reached XP level 13. HP: 18/77 MP: 19/24
 25404 | Lair:2   | Reached skill level 1 in Evocations
 25682 | Lair:1   | Learned a level 4 spell: Airstrike
 27050 | Lair:2   | Found a staircase to the Shoals.
 27909 | Lair:2   | Identified the +1 mace of Dullness {flame, rN+}
 28539 | Lair:3   | Noticed Fannar
 28742 | Lair:3   | Reached skill level 5 in Summonings
 29803 | Lair:3   | Found a staircase to the Snake Pit.
 29836 | Lair:3   | Reached skill level 5 in Evocations
 30624 | Lair:3   | Killed Fannar
 31315 | Lair:4   | Reached ***** piety under Vehumet
 31316 | Lair:4   | Offered knowledge of Ozocubu's Refrigeration by Vehumet.
 31413 | Lair:4   | Found a staircase to the Slime Pits.
 31509 | Lair:4   | Reached skill level 10 in Stealth
 31509 | Lair:4   | Reached XP level 14. HP: 71/86 MP: 10/26
 32118 | Lair:4   | Found the +15 Maxwell's patent armour {-Cast -Tele rElec
                  | Will+ rCorr}
 32486 | Lair:5   | Entered Level 5 of the Lair of Beasts
 34269 | Lair:4   | Reached skill level 10 in Air Magic
 35724 | Orc:2    | Bought the +3 scimitar of Bixauda {elec, Str-3 Dex+3 SInv}
                  | for 434 gold pieces
 38872 | D:10     | Found a hazy altar of Hepliaklqana.
 39916 | D:10     | Found a hazy altar of Hepliaklqana.
 40441 | D:10     | Found a hazy altar of Hepliaklqana.
 40476 | D:10     | Reached XP level 15. HP: 52/90 MP: 24/28
 41192 | D:10     | Learned a level 6 spell: Conjure Ball Lightning
 41457 | D:11     | Shot with an arrow by a centaur warrior

Illustrated notes

Levels and vault maps discovered:
D:1:      dpeg_arrival_short_road, layout_rooms, serial_corexii_hall,
          corexii_hall_statues_deadend, corexii_hall_statues_deadend,
          roderic_lattice_a
D:2:      layout_basic, hellmonk_ecumenical_altar_arch_garden
D:3:      layout_basic, nicolae_overflow_hidden_temple, uniq_ijyb, uniq_robin,
          uniq_sigmund
D:4:      layout_basic, kennysheep_mini
D:5:      layout_rooms, zin_academy, mainiacjoe_overflow_tiny_flanked,
          nicolae_ossuary_entry_catacombs, minmay_joined_circles
D:6:      cheibrodos_fzero, layout_basic,
          grunt_temple_overflow_champion_of_chaos, okawaru_ov_weapons_minmay,
          temple_pool_b
D:7:      layout_basic, kennysheep_orc_sif_temple, cheibrodos_worm_habitat,
          guppyfry_early_elven_hall
D:8:      layout_rooms, lair_entry_dummy, david_defended_altar_orc
D:9:      layout_basic, erik_orc_4, kennysheep_small_circle
D:10:     layout_loops_ring, pf_just_have_faith
D:11:     minmay_ambush_box, layout_rooms, uniq_erolcha
Temple:   hellmonk_temple_forest_ring
Lair:1:   layout_regular_city, lemuel_fruit_tree, grunt_megastairs_4, uniq_erica
Lair:2:   minmay_lair_oklob_tunnel, layout_cave_shapes,
          elwin_shoals_entry_stream
Lair:3:   layout_layer_cave, minmay_snake_entry_guardpost_medium,
          cheibrodos_lair_reptile_den, uniq_fannar
Lair:4:   layout_roguey, dpeg_slime_entry_corner,
          grunt_forest_small_clearing_treed
Lair:5:   minmay_lair_end_enchanted_forest, layout_cave_shapes,
          chequers_serial_rivers_room_a
Orc:1:    layout_caves, serial_shops, nicolae_shop_crystal
Orc:2:    st_orc_town, layout_diamond_mine, serial_shops, nicolae_shop_stone,
          shop

Skill      XL: |  1  2  3  4  5  6  7  8  9 10 11 12 13 14 |
---------------+-------------------------------------------+-----
Stealth        | 3 5 7 10 | 10.0
Dodging        | 3 5 6 9 |  9.0
Spellcasting   | 3 4 5 6 7 8 9 |  9.7
Fighting       | 1 2 4 5 6 7 9 |  9.0
Conjurations   | 5 7 8 10 11 12 | 12.5
Shields        | 3 6 7 |  7.0
Hexes          | 3 4 5 |  5.0
Air Magic      | 4 6 10 | 10.6
Summonings     | 4 6 |  6.0
Evocations     | 5 |  5.0

Action                   |  1- 3 |  4- 6 |  7- 9 | 10-12 | 13-15 || total
-------------------------+-------+-------+-------+-------+-------++-------
Melee: Unarmed           |    18 |    23 |       |       |       ||    41
       Dagger            |       |       |    14 |       |       ||    14
       Punch             |       |       |     1 |     1 |       ||     2
       Falchion          |       |       |       |   122 |   203 ||   325
       Scimitar          |       |       |       |       |    12 ||    12
 Cast: Magic Dart        |    61 |    42 |   119 |       |       ||   222
       Searing Ray       |       |    14 |    59 |   167 |    16 ||   256
       Mephitic Cloud    |       |       |     1 |     3 |     1 ||     5
       Call Imp          |       |       |       |     8 |       ||     8
       Fulminant Prism   |       |       |       |    80 |     7 ||    87
       Lightning Bolt    |       |       |       |    20 |    84 ||   104
       Summon Lightning  |       |       |       |     9 |    80 ||    89
       Airstrike         |       |       |       |       |   118 ||   118
       Conjure Ball Ligh |       |       |       |       |     2 ||     2
Evoke: Wand              |       |       |     5 |     6 |       ||    11
  Use: Scroll            |     1 |     6 |    12 |     8 |    10 ||    37
       Potion            |       |       |       |     4 |     2 ||     6
 Stab: Sleeping          |       |     1 |       |       |     1 ||     2
       Distracted        |       |       |       |       |     9 ||     9
Armor: Fire dragon scale |     7 |       |       |       |       ||     7
       Robe              |     1 |     3 |    14 |    27 |    95 ||   140
       Steam dragon scal |       |       |       |    43 |       ||    43
       Leather armour    |       |       |       |       |     3 ||     3
Dodge: Dodged            |    23 |    33 |    67 |   249 |   407 ||   779
Block: Buckler           |       |       |       |   115 |   255 ||   370

Table legend: (Time is in decaauts)
 A = Elapsed time spent in this place.
 B = Non-inter-level travel time spent in this place.
 C = Inter-level travel time spent in this place.
 D = Time resting spent in this place.
 E = Time spent auto-exploring this place.
 F = Levels seen in this place.
 G = Mean time per level.
                   A        B        C        D        E       F      G
               +--------+--------+--------+--------+--------+-----+--------+
         Total |  41632 |  37777 |   3855 |  19179 |  14020 |  20 | 2081.6 |
       Dungeon |  20885 |  18666 |   2219 |   8193 |   8537 |  11 | 1898.6 |
        Temple |    147 |    123 |     24 |     29 |     89 |   1 |  147.0 |
          Lair |  14205 |  13027 |   1178 |   7727 |   3835 |   5 | 2841.0 |
  Orcish Mines |   5067 |   4635 |    432 |   2479 |   1453 |   2 | 2533.5 |
       Ossuary |   1326 |   1326 |      0 |    751 |    105 |   1 | 1326.0 |
               +--------+--------+--------+--------+--------+-----+--------+

Top non-repeatable levels by time:
  Lair:4: 4557 daAuts
   Orc:2: 4102 daAuts
    D:10: 3600 daAuts
  Lair:1: 3180 daAuts
  Lair:3: 2597 daAuts
     D:7: 2404 daAuts
     D:2: 2372 daAuts
     D:6: 2230 daAuts
  Lair:5: 2106 daAuts
     D:5: 2097 daAuts
     D:8: 1980 daAuts
  Lair:2: 1763 daAuts
     D:4: 1700 daAuts
     D:9: 1597 daAuts
     D:3: 1556 daAuts
